 Dungeon Crawl Stone Soup version 0.29-a0-340-g6efceafd81 (webtiles) character file.

Game seed: 13360916287157042555

2 spaghetti the Skirmisher (level 1, 12/18 HPs)
             Began as a Mummy Fighter on Apr 19, 2022.
             Quit the game on level 1 of the Dungeon.
             The game lasted 00:00:16 (39 turns).

spaghetti the Skirmisher (Mummy Fighter)              Turns: 39, Time: 00:00:17

Health: 12/18      AC:  6    Str: 19    XL:     1   Next: 25%
Magic:  1/1        EV:  9    Int:  7    God:
Gold:   0          SH:  4    Dex: 11    Spells: 0/0 levels left

rFire   x . .      SeeInvis .   a - +0 long sword {long}
rCold   + . .      Faith    .   c - +0 buckler
rNeg    + + +      Spirit   .   b - +0 scale mail
rPois   ∞          Reflect  .   (no helmet)
rElec   .          Harm     .   (no cloak)
rCorr   .          Rampage  .   (no gloves)
Will    .....                   (no boots)
Stlth   ..........              (no amulet)
HPRegen 0.06/turn               (no ring)
MPRegen 0.07/turn               (no ring)

@: no status effects
A: cold resistance 1, negative energy resistance 3, torment resistance 2, heat
vulnerability 1, no potions
a: no special abilities


You were on level 1 of the Dungeon.
You visited 1 branch of the dungeon, and saw 1 of its levels.


Innate Abilities, Weirdness & Mutations

You are immune to poison.
Your flesh is cold resistant. (rC+)
You are immune to negative energy. (rN+++)
You are immune to unholy pain and torment.
You are vulnerable to heat. (rF-)
You do not drink.


   Skills:
 - Level 3.0 Fighting
 - Level 1.5 Long Blades
 - Level 2.5 Armour
 + Level 0.0 Dodging
 - Level 2.4 Shields


You couldn't memorise any spells.
You didn't know any spells.
Your spell library was empty.

Inventory:

Hand Weapons
 a - a +0 long sword (weapon) {long}
Armour
 b - a +0 scale mail (worn)
 c - a +0 buckler (worn)

Dungeon Overview and Level Annotations

Branches:
Dungeon (1/15)

Altars:

.........# .#
.........##.#
...?........#
............#
............#
...........
.......rg####
........BB@.#######
...########.......#
#.......# #.......#
#....≈≈.# #....≈≈.#
##......# #.####.#
#....#.#


You could see 2 giant cockroaches, a goblin and a rat.


Message History

🤖 Initializing magus.rc ...
Options error: Delay interrupt name "hungry" not recognised. (~/.crawlrc:4761) Options error: Bad monster_list_colour key: strict_neutral (~/.crawlrc:4776) ✅ Successfully initialized magus.rc [v1.9.6] Welcome, spaghetti the Mummy Fighter.
You feel drawn to the Orb of Zot, downwards into the unfathomable depths...
Press ? for a list of commands and other information.
Found a staircase leading out of the dungeon.
A rat comes into view.
A rat is nearby!
A rat is nearby!
A rat is nearby!
A goblin, a giant cockroach and a hobgoblin come into view.
The goblin shouts!
The hobgoblin shouts!
A giant cockroach comes into view.
The rat bites you but does no damage.
You slash the rat!
You kill the rat!
The giant cockroach barely misses you.
You barely miss the goblin.
The giant cockroach bites you but does no damage.
The giant cockroach bites you. The goblin hits you but does no damage.
You block the giant cockroach's attack. x2 😕 HP[-2]
You take 2 damage, and now have 16/18 hp.
You are too injured to fight recklessly!
You are too injured to fight recklessly!
You are too injured to fight recklessly!
You are too injured to fight recklessly!
You are too injured to fight recklessly!
You are too injured to fight recklessly!
You are too injured to fight recklessly!
You are too injured to fight recklessly!
You are too injured to fight recklessly!
There are monsters nearby!
Unknown command.
A rat comes into view.
The giant cockroach bites you but does no damage.
The giant cockroach barely misses you.
The giant cockroach attacks as you move away!
You block the giant cockroach's attack.
You barely miss the hobgoblin. You block the hobgoblin's attack.
The hobgoblin misses you.
You closely miss the hobgoblin.
You block the hobgoblin's attack. 😕 HP[+1]
You hit the hobgoblin. The hobgoblin hits you. 😕 HP[-2]
You take 2 damage, and now have 15/18 hp.
You closely miss the hobgoblin. The hobgoblin closely misses you. x2
You closely miss the hobgoblin. The hobgoblin hits you. 😮 HP[-3]
You take 3 damage, and now have 12/18 hp.
You closely miss the hobgoblin.
The hobgoblin hits you but does no damage.
The hobgoblin barely misses you.
You barely miss the hobgoblin. The hobgoblin barely misses you.
You barely miss the hobgoblin. The hobgoblin barely misses you.
You hit the hobgoblin.
You kill the hobgoblin!
Are you sure you want to abandon this character and quit the game? (Confirm with "yes".)
Okay, then.
Unknown command.
Unknown command.
Are you sure you want to abandon this character and quit the game? (Confirm with "yes".)

Action                   || total
-------------------------++-------
Melee: Long sword        ||    11
Armor: Scale mail        ||     5
Dodge: Dodged            ||     8
Block: Buckler           ||     5

Levels and vault maps discovered:
D:1:      amcnicky_arrival_double_pillar, layout_basic,
          ebering_ecumenical_altar_abandoned, chequers_big_river

Notes
Turn   | Place    | Note
-------+----------+-------------------------------------------
     0 | D:1      | spaghetti the Mummy Fighter began the quest for the Orb.
     0 | D:1      | Reached XP level 1. HP: 18/18 MP: 1/1
     0 | D:1      | magus.rc [v1.9.6]
    39 | D:1      | Quit the game

Vanquished Creatures
  A hobgoblin (D:1)
  A rat (D:1)
2 creatures vanquished.

Table legend:
 A = Non-vault XP
 B = Vault XP
 C = Vault XP percentage of total XP
 D = Non-vault monster count
 E = Vault monster count
 F = Vault count percentage of total count
                 A         B        C        D         E       F
            +---------+---------+-------+---------+---------+-------
      Total |       3 |       0 |   0.0 |       2 |       0 |   0.0
            +---------+---------+-------+---------+---------+-------
        D:1 |       3 |       0 |   0.0 |       2 |       0 |   0.0
            +---------+---------+-------+---------+---------+-------

Illustrated notes

Table legend:
 A = Kills in this place as a percentage of kills in entire the game.
 B = Kills by you in this place as a percentage of kills by you in the entire game.
 C = Kills by friends in this place as a percentage of kills by friends in the entire game.
 D = Other kills in this place as a percentage of other kills in the entire game.
 E = Experience gained in this place as a percentage of experience gained in the entire game.
 F = Experience gained in this place divided by the number of levels of this place that you have seen.
                   A       B       C       D       E      F
               +-------+-------+-------+-------+-------+----------------------
         Total | 100.0 | 100.0 |   N/A |   N/A | 100.0 |   3.0
       Dungeon | 100.0 | 100.0 |   N/A |   N/A | 100.0 |   3.0
               +-------+-------+-------+-------+-------+----------------------

Table legend: (Time is in decaauts)
 A = Elapsed time spent in this place.
 B = Non-inter-level travel time spent in this place.
 C = Inter-level travel time spent in this place.
 D = Time resting spent in this place.
 E = Time spent auto-exploring this place.
 F = Levels seen in this place.
 G = Mean time per level.
                   A        B        C        D        E       F      G
               +--------+--------+--------+--------+--------+-----+--------+
         Total |     43 |     43 |      0 |      0 |     20 |   1 |   43.0 |
       Dungeon |     43 |     43 |      0 |      0 |     20 |   1 |   43.0 |
               +--------+--------+--------+--------+--------+-----+--------+

Top non-repeatable levels by time:
     D:1: 43 daAuts
